 Dungeon Crawl Stone Soup version 0.28-a0-1387-g3a22ab9bdc (webtiles) character file.

Game seed: 5950292609715034028

1855 HallandMoats the Demonspawn of Prey (level 8, -7/62 HPs)
             Began as a Demonspawn Fighter on Jan 3, 2022.
             Was a Priest of Trog.
             Mangled by an orc warrior (13 damage)
             ... on level 7 of the Dungeon.
             The game lasted 00:10:03 (7161 turns).

HallandMoats the Demonspawn of Prey (DsFi)          Turns: 7161, Time: 00:10:06

Health: -7/62      AC:  8    Str: 19    XL:     8   Next: 89%
Magic:  0/13       EV: 11    Int:  9    God:    Trog [***...]
Gold:   112        SH: 10    Dex: 13    Spells: 7/7 levels left

rFire   . . .      SeeInvis .   b - +0 dagger (venom)
rCold   . . .      Faith    .   c - +0 buckler
rNeg    + . .      Spirit   .   v - +0 scale mail
rPois   .          Reflect  +   (no helmet)
rElec   .          Harm     .   (no cloak)
rCorr   .          Rampage  .   D - +0 pair of gloves {infuse}
Will    ++...                   (no boots)
Stlth   ..........              f - amulet of reflection
HPRegen 1.20/turn               B - ring of positive energy
MPRegen 0.13/turn               (no ring)

@: strong-willed (expiring), on berserk cooldown, regenerating (expiring),
slowed, very slow
A: demonic guardian 1, spiny 2
a: Renounce Religion, Berserk, Trog's Hand


You were on level 7 of the Dungeon.
You worshipped Trog.
Trog was most pleased with you.
You visited 1 branch of the dungeon, and saw 7 of its levels.
You also visited: Sewer.

You collected 421 gold pieces.
You spent 309 gold pieces at shops.

Inventory:

Hand Weapons
 a - a +0 war axe
 b - a +0 dagger of venom (weapon)
Armour
 c - a +0 buckler (worn)
 v - a +0 scale mail (worn)
 D - a +0 pair of gloves of infusion (worn)
Jewellery
 f - an amulet of reflection (around neck)
 i - a ring of magical power
 B - a ring of positive energy (left hand)
Wands
 x - a wand of polymorph (8)
 E - a wand of iceblast (6)
Scrolls
 g - 2 scrolls of immolation {unknown}
 k - 2 scrolls of noise {unknown}
 n - a scroll of brand weapon {unknown}
 p - 4 scrolls of enchant weapon {unknown}
 r - 2 scrolls of fog {unknown}
 u - a scroll of blinking {unknown}
 y - 3 scrolls of identify
 A - a scroll of teleportation {unknown}
 C - a scroll of fear {unknown}
Potions
 d - 5 potions of might
 e - 3 potions of heal wounds
 h - 4 potions of ambrosia
 j - 2 potions of flight
 l - 2 potions of degeneration {unknown}
 m - 3 potions of mutation {unknown}
 o - a potion of lignification {unknown}
 q - a potion of cancellation {unknown}
 s - a potion of resistance {unknown}
 t - a potion of haste {unknown}
 w - a potion of berserk rage {unknown}
 z - 2 potions of curing


   Skills:
 + Level 5.2 Fighting
 + Level 4.2 Axes
 + Level 4.9 Armour
 + Level 3.7 Dodging
 + Level 4.7 Shields
 * Level 7.9 Invocations


You had 7 spell levels left.
You didn't know any spells.
Your spell library was empty.

Dungeon Overview and Level Annotations

Branches:
Dungeon (7/15)              Sewer (visited)
 Temple: D:4-7

Altars:
Ashenzari
Gozag
Hepliaklqana
Makhleb
Trog
Uskayaw

Shops:
D:3 :   D:4 ?   D:5 ![[*


Innate Abilities, Weirdness & Mutations

A weak demonic guardian rushes to your aid.
You are mostly covered in sharp spines.


Message History

The orc warrior hits you with a +0 long sword!
* * * LOW HITPOINT WARNING * * *
Something hits you.
* * * LOW HITPOINT WARNING * * *
Something hits you but does no damage.
Things that are here:
a +0 dagger; a +0 robe; an orc corpse You closely miss the orc warrior.
The orc warrior is lightly wounded.
The orc warrior hits you with a +0 long sword!
* * * LOW HITPOINT WARNING * * *
A demonic guardian appears!
You hit the orc warrior.
The orc warrior is poisoned.
The orc warrior is moderately wounded.
You block something's attack.
You puncture the orc warrior!
The orc warrior looks as sick as possible!
The orc warrior is severely wounded.
You are no longer berserk.
You are exhausted.
You feel yourself slow down.
You feel the effects of Trog's Hand fading.
You block the orc warrior's attack.
Your iron imp closely misses something.
Something hits you.
* * * LOW HITPOINT WARNING * * *
Something hits you.
* * * LOW HITPOINT WARNING * * *
You hit the orc warrior but do no damage.
The orc warrior looks as sick as possible!
The orc warrior is almost dead.
The orc warrior misses you. You block the orc's attack.
Something hits you but does no damage. Something hits you.
* * * LOW HITPOINT WARNING * * *
Your iron imp hits something.
Trog accepts your kill.
Trog appreciates your killing of a magic user.
Reactivating autopickup.
You feel a bit more experienced.
The orc warrior hits you with a +0 long sword!
You die...

###.....## +...
.........# #...
.........# #...
.........# ...
.........# .. .........#
#. #+##..##...##
..####o####.######...##.
.......@o#..............
+###..5).'..............
#.>...#..............
#.....#..............
####$.###...###...###
######...###...#
.....<....#......
..........#.......
..........#.......


You could see an orc warrior (extremely poisoned, ally target), an orc and a
friendly iron imp (summoned).

Vanquished Creatures
  A gargoyle (D:7)
  2 water moccasins (D:5)
  An ice beast (D:6)
  A black bear (D:6)
  An ogre (D:5)
  A centaur (D:5)
  A kobold brigand (Sewer)
  2 scorpions
  A water moccasin zombie (D:6)
  3 wights (D:5)
  3 hounds
  A jelly (D:5)
  A bullfrog skeleton (D:6)
  An iguana (D:6)
  3 orc wizards
  A killer bee zombie (D:7)
  A hound zombie (D:5)
  12 adders
  3 river rats
  A white imp (D:6)
  2 worms (D:5)
  6 orcs
  7 bats
  3 endoplasms
  7 giant cockroaches
  9 goblins
  8 hobgoblins
  3 jackals (Sewer)
  11 kobolds
  3 quokkas
  10 ball pythons
  2 frilled lizards (Sewer)
  12 rats
124 creatures vanquished.

Vanquished Creatures (collateral kills)
  An ogre (D:6)
  A bullfrog zombie (D:6)
  An orc wizard (D:7)
  A rat (Sewer)
4 creatures vanquished.

Vanquished Creatures (others)
  2 orc wizards (D:4)
  14 plants (Sewer)
16 creatures vanquished.

Grand Total: 144 creatures vanquished

Notes
Turn   | Place    | Note
-------+----------+-------------------------------------------
     0 | D:1      | HallandMoats the Demonspawn Fighter began the quest for the
                  | Orb.
     0 | D:1      | Reached XP level 1. HP: 18/18 MP: 1/1
   150 | D:1      | Found a faded altar of an unknown god.
   188 | D:1      | Prayed at the altar of an unknown god.
   188 | D:1      | Became a worshipper of Trog the Wrathful
   188 | D:1      | Reached * piety under Trog
   283 | D:1      | Reached skill level 1 in Invocations
   297 | D:1      | Gained mutation: A weak demonic guardian rushes to your
                  | aid. [demonic ancestry]
   297 | D:1      | Reached XP level 2. HP: 24/24 MP: 2/2
   780 | D:1      | Reached skill level 2 in Invocations
   907 | D:1      | Gained mutation: You are partially covered in sharp spines.
                  | [demonic ancestry]
   907 | D:1      | Reached XP level 3. HP: 29/29 MP: 4/4
   951 | D:2      | Reached ** piety under Trog
  1411 | D:2      | Reached skill level 1 in Dodging
  1624 | D:3      | Found a burning altar of Makhleb.
  1651 | D:3      | Reached XP level 4. HP: 35/35 MP: 5/5
  1759 | D:3      | Reached skill level 3 in Invocations
  1915 | D:3      | Found Wehufuoh's Book Shop.
  2009 | D:3      | Found a hazy altar of Hepliaklqana.
  2316 | D:4      | Found a broken altar of Ashenzari.
  2335 | D:4      | Found a glowing drain.
  2355 | D:4      | Reached XP level 5. HP: 41/41 MP: 7/7
  2359 | Sewer    | Entered a sewer
  2639 | Sewer    | Reached *** piety under Trog
  2669 | Sewer    | Reached skill level 4 in Invocations
  2808 | Sewer    | Gained mutation: You are mostly covered in sharp spines.
                  | [demonic ancestry]
  2808 | Sewer    | Reached XP level 6. HP: 48/48 MP: 9/9
  3757 | D:4      | Found a hide-covered altar of Uskayaw.
  3757 | D:4      | Noticed a +0 short sword
  3757 | D:4      | Noticed a +0 spear
  3757 | D:4      | Noticed a +0 dagger
  3758 | D:4      | Noticed a +0 dagger
  3759 | D:4      | Noticed a +0 short sword
  3759 | D:4      | Noticed a +0 spear
  3759 | D:4      | Noticed a +0 falchion
  3899 | D:4      | Noticed a +0 falchion
  4370 | D:4      | Found Pettass's Magic Scroll Shoppe.
  4373 | D:4      | Bought a scroll of identify for 26 gold pieces
  4407 | D:5      | Entered Level 5 of the Dungeon
  4415 | D:5      | Reached XP level 7. HP: 46/54 MP: 10/10
  4566 | D:5      | Found Koiha's Armour Boutique.
  4618 | D:5      | Reached skill level 5 in Invocations
  5394 | D:5      | Found Kuheddurgh's Distillery.
  5412 | D:5      | Bought a potion of curing for 42 gold pieces
  5412 | D:5      | Bought a potion of heal wounds for 70 gold pieces
  5412 | D:5      | Bought a potion of might for 56 gold pieces
  5489 | D:5      | Found Koohaeb's Armour Boutique.
  5517 | D:5      | Reached skill level 6 in Invocations
  5530 | D:5      | Found Cafai's General Store.
  5828 | D:5      | Reached XP level 8. HP: 48/61 MP: 12/12
  6456 | D:6      | Reached skill level 7 in Invocations
  6549 | D:6      | Found an opulent altar of Gozag.
  6982 | D:5      | Bought a +0 pair of gloves of infusion for 115 gold pieces
  7019 | D:6      | Reached skill level 5 in Fighting
  7135 | D:7      | Noticed a gargoyle
  7154 | D:7      | Killed a gargoyle
  7161 | D:7      | Mangled by an orc warrior

Illustrated notes

Levels and vault maps discovered:
D:1:      psy_arrival_fountain, layout_loops_ring,
          hellmonk_ecumenical_altar_leap_of_faith
D:2:      layout_basic, dk_vineyard_1
D:3:      layout_loops_ring, bloody_makhleb,
          mainiacjoe_overflow_small_starburst, serial_shops, shop_coins,
          hex_tiny, minmay_misc_feat_tower
D:4:      layout_basic, nicolae_uskayaw_en_pointe, ashenzari_altar_1,
          portal_sewer_entry_c, serial_shops, kennysheep_mini_moat
D:5:      wad_crossroads, layout_basic, serial_shops, shop, shop, shop,
          nicolae_shop_temple_entry_statues_fountains
D:6:      layout_cave_pools, nicolae_gozag_cash_rules_everything_around_me,
          kennysheep_generic_room_5
D:7:      layout_gridville, tso_oasis_becter,
          mainiacjoe_overflow_large_starburst, mainiacjoe_overflow_alcove_4,
          nicolae_dithmenos_shadow_blocks, minmay_temple_entry_crystal_x,
          uniq_pikel

Skill      XL: |  1  2  3  4  5  6  7  8 |
---------------+-------------------------+-----
Invocations    | 1 2 3 4 6 7 |  7.9
Axes           | 2 3 4 |  4.2
Armour         | 3 4 |  4.9
Dodging        | 1 2 3 |  3.7
Shields        | 3 4 |  4.7
Fighting       | 4 5 |  5.2

Action                   |  1- 3 |  4- 6 |  7- 9 || total
-------------------------+-------+-------+-------++-------
Melee: War axe           |   102 |   103 |       ||   205
       Dagger            |       |     5 |   157 ||   162
Invok: Trog's Hand       |       |     2 |     2 ||     4
       Berserk           |       |       |     2 ||     2
  Use: Scroll            |       |     3 |       ||     3
Armor: Scale mail        |    56 |    43 |    48 ||   147
Dodge: Dodged            |    59 |    49 |    66 ||   174
Block: Buckler           |    20 |    24 |    62 ||   106
       Reflection        |       |       |     1 ||     1

Table legend: (Time is in decaauts)
 A = Elapsed time spent in this place.
 B = Non-inter-level travel time spent in this place.
 C = Inter-level travel time spent in this place.
 D = Time resting spent in this place.
 E = Time spent auto-exploring this place.
 F = Levels seen in this place.
 G = Mean time per level.
                   A        B        C        D        E       F      G
               +--------+--------+--------+--------+--------+-----+--------+
         Total |   7433 |   7342 |     91 |   1532 |   4419 |   8 |  929.1 |
       Dungeon |   6418 |   6327 |     91 |   1355 |   3828 |   7 |  916.9 |
         Sewer |   1015 |   1015 |      0 |    177 |    590 |   1 | 1015.0 |
               +--------+--------+--------+--------+--------+-----+--------+

Top non-repeatable levels by time:
     D:5: 1779 daAuts
     D:4: 1290 daAuts
   Sewer: 1015 daAuts
     D:1: 970 daAuts
     D:6: 875 daAuts
     D:3: 776 daAuts
     D:2: 619 daAuts
     D:7: 105 daAuts
